 Dungeon Crawl Stone Soup version 0.30-a0-578-gdee14c521f (webtiles) character file.

Game seed: 11831943988565577784

57350 greasedhog the Protected (level 14, -2/139 HPs)
             Began as an Armataur Fighter on Dec 31, 2022.
             Was the Champion of Okawaru.
             Killed from afar by a deep elf zephyrmancer (17 damage)
             ... with a bolt of lightning
             ... on level 1 of the Elven Halls.
             The game lasted 00:31:56 (22769 turns).

greasedhog the Protected (Armataur Fighter)        Turns: 22769, Time: 00:31:57

Health: -2/139     AC: 23    Str: 32    XL:     14   Next: 45%
Magic:  6/6        EV:  5    Int: 10    God:    Okawaru [******]
Gold:   1528       SH: 15    Dex:  9    Spells: 13/13 levels left

rFire   . . .      SeeInvis .    w - +5 morningstar (antimagic)
rCold   + . .      Faith    .    C - +0 kite shield
rNeg    . . .      Spirit   .    j - +3 plate armour {rC+}
rPois   .          Reflect  +    s - +0 helmet
rElec   .          Harm     .    i - +0 cloak {Will+}
rCorr   +          Roll     +    m - +1 pair of gloves of Midwinter {+Inv Will++}
Will    ++++.                    (no barding) Stlth
                                 l - amulet of reflection
HPRegen 0.43/turn                K - ring of resist corrosion
MPRegen 0.10/turn                y - +6 ring of strength

@: no status effects
A: large, rugged brown scales 3, deformed body, armoured tail, roll, long
tongue, awkward tongue
a: Renounce Religion, Evoke Invisibility, Heroism, Finesse, Duel


You were on level 1 of the Elven Halls.
You worshipped Okawaru.
Okawaru was exalted by your worship.
You visited 4 branches of the dungeon, and saw 18 of its levels.

You collected 1851 gold pieces.
You spent 323 gold pieces at shops.

Inventory:

Hand Weapons
 w - a +5 antimagic morningstar (weapon)
 z - a +1 morningstar of draining
 L - a +4 flail of holy wrath
Armour
 i - a +0 cloak of willpower (worn)
 j - a +3 plate armour of cold resistance (worn)
 m - the +1 pair of gloves of Midwinter (worn) {+Inv Will++}
   (Okawaru gifted it to you on level 1 of the Elven Halls)

   +Inv:      It lets you turn invisible.
   Will:      It greatly increases your willpower.
 s - a +0 helmet (worn)
 C - a +0 kite shield (worn)
Jewellery
 l - an amulet of reflection (around neck)
 y - a +6 ring of strength (right hand)
 E - a ring of see invisible
 H - a ring of ice
 K - a ring of resist corrosion (left hand)
Wands
 v - a wand of quicksilver (2)
 D - a wand of polymorph (10)
 M - a wand of flame (12)
Scrolls
 a - 2 scrolls of enchant armour
 b - 4 scrolls of amnesia
 e - 5 scrolls of poison
 n - 2 scrolls of blinking
 o - 5 scrolls of magic mapping
 p - 3 scrolls of noise {unknown}
 q - a scroll of brand weapon {unknown}
 t - 4 scrolls of enchant weapon
 u - 3 scrolls of teleportation
 B - 2 scrolls of immolation
Potions
 c - 3 potions of attraction
 d - 3 potions of might
 f - 4 potions of resistance
 g - 5 potions of mutation
 h - 2 potions of lignification {unknown}
 k - 7 potions of curing
 r - a potion of haste
 x - a potion of heal wounds
 A - a potion of magic {unknown}
 F - 2 potions of brilliance {unknown}
 I - a potion of flight {unknown}
 J - 2 potions of ambrosia {unknown}
 N - a potion of invisibility


   Skills:
 * Level 13.8 Fighting
 - Level 12.0 Maces & Flails
 * Level 13.9 Armour
 - Level 10.5 Shields
 * Level 9.2 Invocations


You had 13 spell levels left.
You didn't know any spells.
Your spell library contained the following spells:

 Spells                   Type           Power      Damage    Failure   Level
 Foxfire                  Conj/Fire      0%         2x1d4     98%         1
 Blink                    Tloc           0%         N/A       99%         2
 Momentum Strike          Conj/Tloc      0%         3d8       99%         2
 Gell's Gravitas          Tloc           0%         N/A       100%        3
 Lesser Beckoning         Tloc           0%         N/A       100%        3
 Teleport Other           Tloc           0%         N/A       100%        3
 Fireball                 Conj/Fire      0%         3d3       100%        5
 Starburst                Conj/Fire      0%         6d3       100%        6


Dungeon Overview and Level Annotations

Branches:
Dungeon (14/15) Temple (1/1) D:5 Lair (0/5) D:9 Orc (2/2) D:12 Elf (1/3) Orc:2 Vaults (0/5) D:12 D:13

Altars:
Ashenzari
Cheibriados
Dithmenos
Elyvilon
Fedhas
Gozag
Hepliaklqana
Kikubaaqudgha
Makhleb
Nemelex Xobeh
Okawaru
Qazlal
Ru
Sif Muna
Trog
Uskayaw
Vehumet
Wu Jian
Xom
Yredelemnul
Zin
The Shining One

Shops:
D:8 *   D:12 (   Orc:2 ([?[

Portals:
Trove: D:14 (give 16 scrolls of teleportation)

Annotations:
D:7 2 transporters, arthad's ghost, novice GrEE


Innate Abilities, Weirdness & Mutations

You are completely covered in rugged brown scales. (AC +3, +7% HP)
Armour fits poorly on your strangely shaped body.
You have a long armoured tail.
You roll when moving toward enemies. (Rampage)
Your long tongue fully drains potion bottles. (2x potion effects)
Your tongue gives you trouble enunciating. (1.5x scroll delay)


Message History

Items here: ))) [ รท.
There is an open door, spattered with blood here.
You see here a +0 long sword.
You open the door.
There is an open door here.
A +2 war axe of flaming comes into view.
Found a fizzy dark potion.
You roll towards the +2 war axe of flaming!
You impale the +2 war axe of flaming!!
The +2 war axe of flaming is severely damaged.
You hear a shout!
The +2 war axe of flaming hits you but does no damage.
A deep elf zephyrmancer comes into view.
It is wielding a +0 long sword.
The +2 war axe of flaming hits you but does no damage.
You impale the +2 war axe of flaming!!
The +2 war axe of flaming falls from the air.
Okawaru accepts your kill.
The deep elf zephyrmancer casts a spell at you.
The bolt of lightning hits you!!
You hear a shout! x7
The deep elf zephyrmancer casts a spell at you.
The bolt of lightning hits you!!
You hear a shout!
You see here a +2 war axe of flaming.
A deep elf zephyrmancer comes into view.
It is wielding a +0 dagger.
The deep elf zephyrmancer casts a spell at you.
The bolt of lightning hits you!!
An orc sorcerer comes into view. It is wielding a +0 dagger.
The deep elf zephyrmancer casts a spell at you.
The bolt of lightning hits you!!
* * * LOW HITPOINT WARNING * * *
The deep elf zephyrmancer gestures wildly while chanting.
The deep elf zephyrmancer blinks!
You block the deep elf zephyrmancer's attack.
You bludgeon the deep elf zephyrmancer!!
The deep elf zephyrmancer's magic leaks into the air.
The deep elf zephyrmancer is heavily wounded.
The deep elf zephyrmancer gestures at you while chanting.
The bolt of lightning hits you!
You die...

#### ##### #..
....#### #e#
###....##
###@####.# ####..#
#.......... ##.#
##)?...#.###
#.#####......!.#
#...........#....
#######....###....
##o.## #... #.##
#.. .##


You could see a deep elf zephyrmancer (magic disrupted) and an orc sorcerer.

Vanquished Creatures
  Donald (Orc:2)
  An orc warlord (Orc:1)
  Nessos (D:13)
  Josephine (D:12)
  A hydra (D:13)
  7 centaur warriors
  An ice dragon (D:13)
  An ogre mage (D:13)
  8 two-headed ogres
  The ghost of lotum the Dealer of Despair, a journeyman DrEE of Kikubaaqudgha (D:11)
  3 boulder beetles
  2 death knights (D:13)
  A dancing weapon (Elf:1)
  4 tengu warriors
  2 orc high priests (Orc:2)
  A skeletal warrior (D:13)
  Lodul (D:12)
  A wizard (D:9)
  4 deep elf zephyrmancers (Elf:1)
  A phantasmal warrior (D:13)
  Pikel (D:6)
  An orc knight (D:12)
  9 ugly things
  An orc sorcerer (Orc:2)
  2 deep elf pyromancers (Elf:1)
  3 cyclopes
  3 manticores
  Maurice (Orc:2)
  7 slime creatures
  2 gargoyles
  Maggie (D:6)
  An unseen horror (D:11)
  Psyche (D:8)
  A freezing wraith (D:13)
  An efreet (D:12)
  3 komodo dragons (D:12)
  2 tengu conjurers
  4 meliai
  6 trolls
  A hornet (D:9)
  Grinder (D:6)
  A centaur simulacrum (D:13)
  7 shadows
  A wyvern (D:11)
  4 yaks (D:9)
  2 basilisks
  9 wraiths
  3 vampires
  2 steam dragons (D:9)
  A human (shapeshifter) (D:14)
  3 fire bats (Orc:2)
  4 vampire mosquitoes
  16 humans (D:12)
  2 wargs (Orc:2)
  Menkaure (D:6)
  An acid dragon (D:10)
  2 water moccasins
  26 orc warriors
  3 black bears
  2 ice beasts
  3 sky beasts
  12 ogres
  10 centaurs
  2 lemures (D:6)
  4 kobold brigands
  5 bullfrogs
  3 gnoll sergeants
  2 scorpions
  3 wights (D:9)
  12 killer bees
  8 electric eels (D:12)
  12 howler monkeys
  2 gnoll boudas
  5 hounds
  15 orc priests
  6 iguanas
  Ijyb (D:4)
  29 orc wizards
  Robin (D:3)
  8 adders
  15 gnolls
  2 shadow imps
  An ufetubus (D:6)
  2 worms (D:2)
  2 dart slugs
  66 orcs
  11 endoplasms
  A giant cockroach (D:2)
  7 hobgoblins
  21 kobolds
  2 quokkas (D:2)
  4 ball pythons
  4 bats
  3 frilled lizards
  15 goblins
  6 rats
490 creatures vanquished.

Vanquished Creatures (others)
  A kobold (D:9)
  9 plants
10 creatures vanquished.

Grand Total: 500 creatures vanquished

Notes
Turn   | Place    | Note
-------+----------+-------------------------------------------
     0 | D:1      | greasedhog the Armataur Fighter began the quest for the
                  | Orb.
     0 | D:1      | Reached XP level 1. HP: 19/19 MP: 1/1
   254 | D:1      | Reached XP level 2. HP: 26/26 MP: 2/2
   882 | D:1      | Found a shadowy altar of Dithmenos.
   962 | D:2      | Reached XP level 3. HP: 33/33 MP: 3/3
  1467 | D:2      | Reached XP level 4. HP: 40/40 MP: 4/4
  1812 | D:3      | Noticed Robin
  1833 | D:3      | Killed Robin
  1919 | D:3      | Identified the +5 dagger "Dytwal" {freeze, Dex-2 SInv
                  | Stlth+}
  2362 | D:3      | Found a basalt altar of Yredelemnul.
  2643 | D:4      | Noticed Ijyb
  2651 | D:4      | Killed Ijyb
  2652 | D:4      | Reached XP level 5. HP: 19/48 MP: 5/5
  2863 | D:4      | Reached skill level 5 in Armour
  2869 | D:4      | Reached XP level 6. HP: 45/55 MP: 6/6
  3558 | D:4      | Reached skill level 5 in Shields
  3856 | D:5      | Entered Level 5 of the Dungeon
  3860 | D:5      | Noticed a water moccasin
  3865 | D:5      | Killed a water moccasin
  3866 | D:5      | Reached XP level 7. HP: 55/64 MP: 7/7
  3984 | D:5      | Found the +7 staff of the Meek {protect, meekguard}
  4004 | D:5      | Found a staircase to the Ecumenical Temple.
  4068 | Temple   | Entered the Ecumenical Temple
  4278 | D:5      | Found a snail-covered altar of Cheibriados.
  4670 | D:5      | Reached skill level 5 in Fighting
  4951 | D:6      | Reached skill level 5 in Maces & Flails
  5019 | D:6      | Reached XP level 8. HP: 67/74 MP: 8/8
  5164 | D:6      | Noticed Menkaure
  5175 | D:6      | Killed Menkaure
  5459 | D:6      | Noticed Pikel
  5484 | D:6      | Killed Pikel
  5487 | D:6      | Reached XP level 9. HP: 39/84 MP: 9/9
  5630 | D:6      | Noticed a gargoyle
  5657 | D:6      | Killed a gargoyle
  5882 | D:6      | Noticed Grinder
  5885 | D:6      | Paralysed by Grinder for 4 turns
  5895 | D:6      | Killed Grinder
  5951 | D:6      | Noticed Maggie
  5957 | D:6      | Killed Maggie
  6386 | D:6      | Found a blossoming altar of Fedhas.
  6561 | D:7      | Noticed arthad's ghost (novice GrEE)
  6811 | D:7      | Found a transporter.
  6814 | D:7      | Noticed a moth of wrath
  6850 | D:7      | Found a transporter.
  7203 | D:7      | Found a shadowy altar of Dithmenos.
  7590 | D:8      | Found Nykafa's Overcharged Wands.
  7662 | D:8      | Noticed Psyche
  7705 | D:8      | Reached XP level 10. HP: 90/94 MP: 10/10
  7980 | D:8      | Killed Psyche
  8433 | D:9      | Found a staircase to the Lair.
  8725 | D:9      | You fall into a shaft and drop 3 floors!
  8731 | D:11     | Noticed a boulder beetle
  8853 | D:12     | Noticed a gargoyle
  8863 | D:12     | Killed a gargoyle
  9186 | D:10     | Entered Level 10 of the Dungeon
  9186 | D:10     | Noticed a two-headed ogre
  9193 | D:10     | Killed a two-headed ogre
  9194 | D:10     | Reached skill level 10 in Shields
  9372 | D:9      | Paralysed by a hornet for 2 turns
  9526 | D:9      | Reached XP level 11. HP: 92/103 MP: 11/11
  9800 | D:9      | Found an iron altar of Okawaru.
  9813 | D:9      | Became a worshipper of Warmaster Okawaru
 10078 | D:9      | Reached skill level 1 in Invocations
 10084 | D:9      | Reached * piety under Okawaru
 10091 | D:9      | Noticed a wizard
 10094 | D:9      | Noticed a centaur warrior
 10096 | D:9      | Killed a wizard
 10097 | D:9      | Reached skill level 10 in Fighting
 10102 | D:9      | Killed a centaur warrior
 10171 | D:9      | Reached skill level 10 in Maces & Flails
 10620 | D:10     | Noticed a two-headed ogre
 10633 | D:10     | Killed a two-headed ogre
 10633 | D:10     | Reached ** piety under Okawaru
 11133 | D:10     | Found a burning altar of Makhleb.
 11541 | D:11     | Reached *** piety under Okawaru
 11800 | D:11     | Killed a boulder beetle
 11943 | D:11     | Identified the +5 ring mail of Yteu {-Tele Regen+ Int+5}
 11943 | D:11     | Noticed a tengu warrior
 11944 | D:11     | Noticed a tengu warrior
 11972 | D:11     | Killed a tengu warrior
 11992 | D:11     | Killed a tengu warrior
 12274 | D:11     | Found a runed translucent door.
 12275 | D:11     | Noticed lotum's ghost (journeyman DrEE)
 12290 | D:11     | Reached XP level 12. HP: 109/115 MP: 14/14
 12315 | D:11     | Killed lotum's ghost
 12315 | D:11     | Reached **** piety under Okawaru
 13215 | D:12     | Noticed Josephine
 13234 | D:12     | Killed Josephine
 13362 | D:12     | Found a staircase to the Orcish Mines.
 13436 | D:12     | Reached ***** piety under Okawaru
 13687 | D:12     | Received a gift from Okawaru
 13730 | D:12     | Found Madoprefe's Antique Weapon Shop.
 13749 | D:12     | Noticed Lodul
 13756 | D:12     | Killed Lodul
 14598 | Orc:1    | Entered Level 1 of the Orcish Mines
 14866 | Orc:2    | Entered Level 2 of the Orcish Mines
 15009 | Orc:2    | Noticed Donald
 15035 | Orc:2    | Killed Donald
 15036 | Orc:2    | Reached skill level 10 in Armour
 15376 | Orc:2    | Found a staircase to the Elven Halls.
 15427 | Orc:2    | Noticed an orc warlord
 15427 | Orc:2    | Noticed an orc high priest
 15553 | Orc:1    | Killed an orc warlord
 15554 | Orc:1    | Reached skill level 5 in Invocations
 15567 | Orc:2    | Killed an orc high priest
 16031 | Orc:2    | Reached XP level 13. HP: 105/125 MP: 16/16
 16105 | Orc:2    | Found Uhui's Antique Armour Shoppe.
 16108 | Orc:2    | Found Zehoenat's Antique Weapon Emporium.
 16493 | Orc:2    | Found Jezyokab's Magic Scroll Shop.
 16667 | Orc:2    | Bought a scroll of identify for 28 gold pieces
 16667 | Orc:2    | Bought a scroll of teleportation for 42 gold pieces
 16667 | Orc:2    | Bought a scroll of identify for 28 gold pieces
 16730 | Orc:2    | Found Ischeure's Antique Armour Emporium.
 16747 | Orc:2    | Bought an embroidered cloak for 225 gold pieces
 16927 | Orc:2    | Noticed Maurice
 16941 | Orc:2    | Killed Maurice
 17141 | D:13     | Found a gate to the Vaults.
 18771 | D:13     | Received a gift from Okawaru
 19869 | D:13     | Noticed Nessos
 19878 | D:13     | Killed Nessos
 20025 | D:13     | Found a glowing silver altar of Zin.
 20670 | D:14     | Reached XP level 14. HP: 136/138 MP: 6/20
 20772 | D:14     | HP: 5/138 [two-headed ogre/+0 giant club (7)]
 21149 | D:13     | HP: 5/138 [tengu warrior/+0 halberd (7)]
 21150 | D:13     | HP: 2/138 [tengu warrior/+0 halberd (4)]
 21538 | D:14     | Found a portal to a secret trove of treasure.
 21793 | D:14     | Found a white marble altar of Elyvilon.
 22052 | D:14     | Received a gift from Okawaru
 22077 | D:14     | Reached ****** piety under Okawaru
 22470 | Elf:1    | Entered Level 1 of the Elven Halls
 22502 | Elf:1    | Identified the +1 pair of gloves of Midwinter {+Inv Will++}
                  | (Okawaru gifted it to you on level 1 of the Elven Halls)
 22502 | Elf:1    | Received a gift from Okawaru
 22769 | Elf:1    | Killed from afar by a deep elf zephyrmancer

Illustrated notes

Levels and vault maps discovered:
D:1:      dpeg_arrival_water_altar, layout_basic,
          chequers_serial_rivers_small_a, grunt_decor_cap
D:2:      minmay_general_purpose_star, layout_basic, minmay_puff
D:3:      layout_loops_corners, yredelemnul_altar_generic, uniq_robin
D:4:      layout_basic, serial_co_window_serial, co_window_corner_a,
          co_window_corner_a, co_window_corner_a, co_window_corner_a,
          co_window_paths_a, co_window_corner_b, co_window_corner_ca,
          co_window_cross_3, co_window_corner_b, co_window_cross_4,
          co_window_corner_b, glass_columns_a, glass_columns_a, uniq_ijyb
D:5:      layout_cave_pods, kennysheep_mini, temple_pool_b,
          chequers_serial_rivers_micro_a
D:6:      layout_loops_corners, fedhas_altar_4, minivault_23, kb_rosetta,
          uniq_maggie, uniq_grinder, uniq_menkaure, uniq_pikel
D:7:      layout_basic, general_overflow_altar,
          gammafunk_ghost_berserking_beasts
D:8:      layout_cave_pools, nicolae_kite_square_tiling_tiny,
          nicolae_shop_overcharged_wands, uniq_psyche
D:9:      minmay_quarter_circles, layout_rooms, old_standard_altar,
          dpeg_oklobed_lair, minmay_parallelograms
D:10:     layout_small_grid, kennysheep_little_box, moated_statue
D:11:     layout_roguey, ebering_ghost_reflecting_pool
D:12:     layout_basic, orc_0_dummy, serial_shops,
          nicolae_shop_temple_entry_statues_fountains, minmay_lizard_king,
          uniq_lodul, uniq_josephine
D:13:     kennysheep_bubbly, layout_rooms, david_vaults_3,
          minmay_misc_feat_roman, zin_scriptorium, uniq_nessos
D:14:     layout_roguey, elyvilon_altar_1, enter_trove_1,
          chequers_serial_rivers_marsh
Temple:   minmay_temple_bridge_d
Orc:1:    layout_caves
Orc:2:    grunt_orc_community_town_hall, layout_caves,
          grunt_orc_community_big_house_2, grunt_orc_community_big_house_2,
          grunt_orc_community_house_2, grunt_orc_community_house_3,
          grunt_orc_community_house_2, grunt_orc_community_house_3,
          grunt_orc_community_house_3, grunt_orc_community_house_1,
          nicolae_volcano_entry_batcave, uniq_donald, uniq_maurice
Elf:1:    eino_elf_arrival_customs, layout_loops_cross, hangedman_elf_represent,
          lemuel_upstairs_altar

Skill      XL: |  1  2  3  4  5  6  7  8  9 10 11 12 13 14 |
---------------+-------------------------------------------+-----
Maces & Flails | 2 3 4 5 6 7 9 10 11 12 | 12.0
Fighting       | 3 4 5 7 8 9 10 11 13 | 13.8
Armour         | 4 5 8 10 12 13 | 13.9
Shields        | 4 5 6 8 10 | 10.5
Invocations    | 3 5 8 9 |  9.2

Action                   |  1- 3 |  4- 6 |  7- 9 | 10-12 | 13-15 || total
-------------------------+-------+-------+-------+-------+-------++-------
Melee: Flail             |    91 |   106 |       |       |    37 ||   234
       Tailslap          |    13 |    13 |    23 |    97 |    81 ||   227
       Morningstar       |       |    47 |   197 |   764 |   555 ||  1563
       Unarmed           |       |       |       |     4 |       ||     4
Invok: Heroism           |       |       |       |     3 |     4 ||     7
       Finesse           |       |       |       |       |     3 ||     3
Evoke: Wand              |       |       |     4 |    24 |     2 ||    30
  Use: Scroll            |     2 |       |     3 |     7 |     7 ||    19
       Potion            |       |     3 |     1 |     4 |     5 ||    13
 Stab: Invisible         |       |       |       |     2 |       ||     2
Armor: Scale mail        |    44 |    48 |       |       |       ||    92
       Chain mail        |       |    37 |    96 |   232 |       ||   365
       Skin              |       |       |       |     2 |       ||     2
       Plate armour      |       |       |       |    22 |   289 ||   311
Dodge: Dodged            |    31 |    35 |    34 |   123 |   117 ||   340
Block: Buckler           |    25 |    61 |    26 |       |       ||   112
       Kite shield       |       |       |    81 |   550 |   517 ||  1148
       Reflection        |       |       |     2 |    23 |    23 ||    48

Table legend: (Time is in decaauts)
 A = Elapsed time spent in this place.
 B = Non-inter-level travel time spent in this place.
 C = Inter-level travel time spent in this place.
 D = Time resting spent in this place.
 E = Time spent auto-exploring this place.
 F = Levels seen in this place.
 G = Mean time per level.
                   A        B        C        D        E       F      G
               +--------+--------+--------+--------+--------+-----+--------+
         Total |  22945 |  22026 |    919 |   6784 |  11202 |  18 | 1274.7 |
       Dungeon |  19912 |  19217 |    695 |   6118 |   9825 |  14 | 1422.3 |
        Temple |    166 |     72 |     94 |      0 |     64 |   1 |  166.0 |
  Orcish Mines |   2567 |   2438 |    129 |    491 |   1267 |   2 | 1283.5 |
   Elven Halls |    298 |    298 |      0 |    175 |     46 |   1 |  298.0 |
               +--------+--------+--------+--------+--------+-----+--------+

Top non-repeatable levels by time:
    D:12: 4125 daAuts
    D:13: 2318 daAuts
   Orc:2: 2053 daAuts
     D:6: 1664 daAuts
     D:9: 1517 daAuts
    D:11: 1373 daAuts
     D:4: 1238 daAuts
     D:7: 1175 daAuts
    D:14: 1171 daAuts
    D:10: 1009 daAuts
     D:3: 921 daAuts
     D:1: 904 daAuts
     D:5: 888 daAuts
     D:2: 865 daAuts
     D:8: 737 daAuts
